3AAA
PURE MICHIGAN GREAT LAKERS @ SIOUX FALLS RED PANDAS
06/17/2030
 
TOP OF THE 1ST
Pure Michigan Great Lakers batting - Pitching for Sioux Falls Red Pandas : RHP Antonio Godfrey
Pitching: RHP Antonio Godfrey
Batting: RHB George St. Clair 0-0: Ball
1-0: Ball
2-0: Ball
3-0: Swinging Strike
3-1: Foul Ball, location: 2F
3-2: Foul Ball, location: 2F
3-2: Strikes out swinging
Batting: LHB César Muńóz 0-0: Called Strike
0-1: Ball
1-1: Bunt for hit - play at first, batter OUT! 1-3
Batting: RHB Sixto Estrada 0-0: Called Strike
0-1: Swinging Strike
0-2: Ball
1-2: Ball
2-2: Strikes out swinging
Top of the 1st over - 0 runs, 0 hits, 0 errors, 0 left on base; Pure Michigan 0 - Sioux Falls 0
BOTTOM OF THE 1ST
Sioux Falls Red Pandas batting - Pitching for Pure Michigan Great Lakers : RHP José Juárez
Pitching: RHP José Juárez
Batting: RHB Dave Henderson 0-0: Called Strike
0-1: Ball
1-1: Ball
2-1: Swinging Strike
2-2: SINGLE (Line Drive, 8RS)
Batting: SHB Xavier Vásquez 0-0: Foul Ball, location: 2F
0-1: DOUBLE (Line Drive, 89XD)
Dave Henderson to third
Pinch Runner at 2nd Pancho Salaedo:
Batting: LHB José Vargas 0-0: Called Strike
0-1: Swinging Strike
0-2: Hit by Pitch
Batting: SHB Carlos Kramer 0-0: Called Strike
0-1: Grounds into double play, 6-4-3 (Groundball, 6M)
Dave Henderson scores
Pancho Salaedo to third
Batting: RHB Jay Parker 0-0: Called Strike
0-1: Swinging Strike
0-2: Strikes out looking
Bottom of the 1st over - 1 run, 2 hits, 0 errors, 1 left on base; Pure Michigan 0 - Sioux Falls 1
TOP OF THE 2ND
Pure Michigan Great Lakers batting - Pitching for Sioux Falls Red Pandas : RHP Antonio Godfrey
Now at 2B: Pancho Salaedo
Batting: LHB Josh Platt 0-0: Foul Ball, location: 2F
0-1: Called Strike
0-2: SINGLE (Groundball, 23) (infield hit)
Batting: LHB Cisco Padilla 0-0: Called Strike
0-1: Foul Ball, location: 2F
0-2: Strikes out swinging
Batting: RHB Zong-yuan Fung 0-0: Ball
1-0: Called Strike
1-1: Ball
2-1: Called Strike
2-2: Ball
3-2: Foul Ball, location: 2F
3-2: Foul Ball, location: 2F
3-2: Base on Balls
Josh Platt to second
Batting: SHB Ryan Forrest 0-0: Ball
1-0: Ball
2-0: Called Strike
2-1: Called Strike
2-2: Ball
3-2: Foul Ball, location: 2F
3-2: Base on Balls
Josh Platt to third
Zong-yuan Fung to second
Batting: RHB Steve Hilburn 0-0: Ball
Wild Pitch!
Josh Platt scores
Zong-yuan Fung to third
Ryan Forrest to second
1-0: Foul Ball, location: 2F
1-1: Ball
2-1: Fly out, F8 (Flyball, 8RM)
Runner from 3rd tags up, SCORES, throw made
Batting: RHB Mike Taylor 0-0: Ball
1-0: Called Strike
1-1: Ball
2-1: Ball
3-1: Foul Ball, location: 2F
3-2: Foul Ball, location: 2F
3-2: Foul Ball, location: 2F
3-2: Fly out, F9 (Line Drive, 89M)
Top of the 2nd over - 2 runs, 1 hit, 0 errors, 1 left on base; Pure Michigan 2 - Sioux Falls 1
BOTTOM OF THE 2ND
Sioux Falls Red Pandas batting - Pitching for Pure Michigan Great Lakers : RHP José Juárez
Batting: RHB John MacGregor 0-0: Foul Ball, location: 2F
0-1: Foul Ball, location: 2F
0-2: Ball
1-2: Ground out 5-3 (Groundball, 56)
Batting: RHB Russell Jackson 0-0: Called Strike
0-1: Foul Ball, location: 2F
0-2: Ball
1-2: Ball
2-2: Ball
3-2: SINGLE (Line Drive, 56D)
Batting: RHB Anthony Johnston 0-0: Grounds into double play, 6-4-3 (Groundball, 6)
Bottom of the 2nd over - 0 runs, 1 hit, 0 errors, 0 left on base; Pure Michigan 2 - Sioux Falls 1
TOP OF THE 3RD
Pure Michigan Great Lakers batting - Pitching for Sioux Falls Red Pandas : RHP Antonio Godfrey
Batting: RHB George St. Clair 0-0: Ball
1-0: Ground out U3 (Groundball, 34)
Batting: LHB César Muńóz 0-0: Ball
1-0: Ball
2-0: Called Strike
2-1: Ball
3-1: Foul Ball, location: 2F
3-2: Ground out U3 (Groundball, 34)
Batting: RHB Sixto Estrada 0-0: Fly out, F9 (Flyball, 9LS)
Top of the 3rd over - 0 runs, 0 hits, 0 errors, 0 left on base; Pure Michigan 2 - Sioux Falls 1
BOTTOM OF THE 3RD
Sioux Falls Red Pandas batting - Pitching for Pure Michigan Great Lakers : RHP José Juárez
Batting: RHB Luis Alomar 0-0: Ball
1-0: Ball
2-0: Ball
3-0: Called Strike
3-1: Foul Ball, location: 2F
3-2: Fly out, F7 (Flyball, 78M)
Batting: RHB Dave Henderson 0-0: Ground out 5-3 (Groundball, 56S)
Batting: RHB Pancho Salaedo 0-0: Called Strike
0-1: Called Strike
0-2: Ball
1-2: Foul Ball, location: 2F
1-2: Strikes out swinging
Bottom of the 3rd over - 0 runs, 0 hits, 0 errors, 0 left on base; Pure Michigan 2 - Sioux Falls 1
TOP OF THE 4TH
Pure Michigan Great Lakers batting - Pitching for Sioux Falls Red Pandas : RHP Antonio Godfrey
Batting: LHB Josh Platt 0-0: Called Strike
0-1: Ball
1-1: Ball
2-1: Reached on error, E3 (Groundball, 34)
Batting: LHB Cisco Padilla 0-0: Ball
1-0: Ball
2-0: Foul Ball, location: 2F
2-1: Ball
3-1: Base on Balls
Josh Platt to second
Batting: RHB Zong-yuan Fung 0-0: Ball
1-0: Foul Ball, location: 2F
1-1: Swinging Strike
1-2: Grounds into double play, 6-4-3 (Groundball, 6M)
Josh Platt to third
Batting: SHB Ryan Forrest 0-0: Ball
1-0: Reached on error, E4 (Groundball, 4S)
Josh Platt scores
Batting: RHB Steve Hilburn 0-0: Ball
1-0: Ball
2-0: Called Strike
2-1: Swinging Strike
2-2: Strikes out looking
Top of the 4th over - 1 run, 0 hits, 2 errors, 1 left on base; Pure Michigan 3 - Sioux Falls 1
BOTTOM OF THE 4TH
Sioux Falls Red Pandas batting - Pitching for Pure Michigan Great Lakers : RHP José Juárez
Batting: LHB José Vargas 0-0: Ball
1-0: Foul Ball, location: 2F
1-1: Foul Ball, location: 2F
1-2: Ball
2-2: Foul Ball, location: 2F
2-2: Ball
3-2: Base on Balls
Batting: SHB Carlos Kramer 0-0: SINGLE (Groundball, 6D)
José Vargas to second
Batting: RHB Jay Parker 0-0: Swinging Strike
0-1: Fly out, F7 (Flyball, 7D)
Batting: RHB John MacGregor 0-0: Ball
1-0: Foul Ball, location: 2F
1-1: Foul Ball, location: 2F
1-2: Fly out, F7 (Flyball, 7S)
Batting: RHB Russell Jackson 0-0: Called Strike
0-1: Foul Ball, location: 2F
0-2: Strikes out swinging
Bottom of the 4th over - 0 runs, 1 hit, 0 errors, 2 left on base; Pure Michigan 3 - Sioux Falls 1
TOP OF THE 5TH
Pure Michigan Great Lakers batting - Pitching for Sioux Falls Red Pandas : RHP Antonio Godfrey
Batting: RHB Mike Taylor 0-0: Ball
1-0: Ball
2-0: Ball
3-0: Called Strike
3-1: Base on Balls
Batting: RHB George St. Clair 0-0: Bunted foul
0-1: Bunted foul
0-2: Fly out, F7 (Flyball, 7)
Pitching: RHP Orlando Uribe
Batting: LHB César Muńóz 0-0: Ball
1-0: Foul Ball, location: 2F
1-1: Swinging Strike
1-2: Ball
2-2: Foul Ball, location: 2F
2-2: Ball
3-2: Foul Ball, location: 2F
3-2: Strikes out swinging
Batting: RHB Sixto Estrada 0-0: Ball
1-0: Called Strike
1-1: Foul Ball, location: 2F
1-2: Strikes out swinging
Top of the 5th over - 0 runs, 0 hits, 0 errors, 1 left on base; Pure Michigan 3 - Sioux Falls 1
BOTTOM OF THE 5TH
Sioux Falls Red Pandas batting - Pitching for Pure Michigan Great Lakers : RHP José Juárez
Batting: RHB Anthony Johnston 0-0: Ball
1-0: Ball
2-0: Ball
3-0: Base on Balls
Batting: RHB Luis Alomar 0-0: Sac Bunt - play at first, batter OUT! U3
Anthony Johnston to second
Batting: RHB Dave Henderson 0-0: Ball
1-0: Swinging Strike
1-1: Foul Ball, location: 2F
1-2: Ground out 5-3 (Groundball, 56)
Batting: RHB Pancho Salaedo 0-0: Ball
1-0: Ball
2-0: Ball
3-0: Base on Balls
Batting: LHB José Vargas 0-0: Ball
1-0: Hit by Pitch
Anthony Johnston to third
Pancho Salaedo to second
Batting: SHB Carlos Kramer 0-0: Ball
1-0: SINGLE (Flyball, 8LS)
Anthony Johnston scores
Pancho Salaedo to third
José Vargas to second
Runner from 3rd tries for Home, throw and OUT!
Bottom of the 5th over - 1 run, 1 hit, 0 errors, 2 left on base; Pure Michigan 3 - Sioux Falls 2
TOP OF THE 6TH
Pure Michigan Great Lakers batting - Pitching for Sioux Falls Red Pandas : RHP Orlando Uribe
Batting: LHB Josh Platt 0-0: Fly out, F8 (Flyball, 8RS)
Batting: LHB Cisco Padilla 0-0: Ball
1-0: Ball
2-0: Called Strike
2-1: Foul Ball, location: 2F
2-2: Ball
3-2: Base on Balls
Batting: RHB Zong-yuan Fung 0-0: Ground out 5-3 (Groundball, 56S)
Cisco Padilla to second
Batting: SHB Ryan Forrest 0-0: Ball
1-0: Foul Ball, location: 2F
1-1: Ball
2-1: Swinging Strike
2-2: Ground out 5-3 (Groundball, 56S)
Top of the 6th over - 0 runs, 0 hits, 0 errors, 1 left on base; Pure Michigan 3 - Sioux Falls 2
BOTTOM OF THE 6TH
Sioux Falls Red Pandas batting - Pitching for Pure Michigan Great Lakers : RHP José Juárez
Batting: RHB Jay Parker 0-0: Called Strike
0-1: Foul Ball, location: 2F
0-2: Strikes out swinging
Batting: RHB John MacGregor 0-0: Swinging Strike
0-1: Swinging Strike
0-2: Strikes out swinging
Pitching: RHP Kazu Shimada
Batting: RHB Russell Jackson 0-0: Called Strike
0-1: Fly out, F7 (Line Drive, 7)
Bottom of the 6th over - 0 runs, 0 hits, 0 errors, 0 left on base; Pure Michigan 3 - Sioux Falls 2
TOP OF THE 7TH
Pure Michigan Great Lakers batting - Pitching for Sioux Falls Red Pandas : RHP Orlando Uribe
Batting: RHB Steve Hilburn 0-0: Ball
1-0: Ground out 6-3 (Groundball, 6)
Batting: RHB Mike Taylor 0-0: Called Strike
0-1: Ball
1-1: Foul Ball, location: 2F
1-2: SINGLE (Flyball, 89M)
Pinch Hitting: RHB Lorenzo Ruíz 0-0: Ball
1-0: Foul Ball, location: 2F
1-1: Swinging Strike
1-2: Strikes out swinging
Batting: LHB César Muńóz 0-0: Swinging Strike
0-1: Ground out 3-1 (Groundball, 34)
Top of the 7th over - 0 runs, 1 hit, 0 errors, 1 left on base; Pure Michigan 3 - Sioux Falls 2
BOTTOM OF THE 7TH
Sioux Falls Red Pandas batting - Pitching for Pure Michigan Great Lakers : RHP Kazu Shimada
Now at SS: Jean Chamissa
Batting: RHB Anthony Johnston 0-0: Ball
1-0: DOUBLE (Line Drive, 7LM)
Pinch Hitting: LHB John Brewer 0-0: Ball
1-0: Ground out 5-3 (Groundball, 56)
Batting: RHB Dave Henderson 0-0: Ball
1-0: Ball
2-0: Fly out, F2 (Popup, 13S)
Batting: RHB Pancho Salaedo 0-0: Foul Ball, location: 2F
0-1: Swinging Strike
0-2: Ball
1-2: Ball
2-2: Strikes out swinging
Bottom of the 7th over - 0 runs, 1 hit, 0 errors, 1 left on base; Pure Michigan 3 - Sioux Falls 2
TOP OF THE 8TH
Pure Michigan Great Lakers batting - Pitching for Sioux Falls Red Pandas : RHP Orlando Uribe
Now at 3B: Magali Lenidas
Batting: RHB Sixto Estrada 0-0: Called Strike
0-1: Foul Ball, location: 2F
0-2: Ball
1-2: Strikes out swinging
Batting: LHB Josh Platt 0-0: DOUBLE (Line Drive, 7LM)
Batting: LHB Cisco Padilla 0-0: Intentional Walk
Batting: RHB Zong-yuan Fung 0-0: Hit by Pitch
Josh Platt to third
Cisco Padilla to second
Batting: SHB Ryan Forrest 0-0: Ball
1-0: Called Strike
1-1: Fly out, F6 (Popup, 6MD)
Batting: RHB Steve Hilburn 0-0: Swinging Strike
0-1: Ball
1-1: Foul Ball, location: 2F
1-2: Strikes out swinging
Top of the 8th over - 0 runs, 1 hit, 0 errors, 3 left on base; Pure Michigan 3 - Sioux Falls 2
BOTTOM OF THE 8TH
Sioux Falls Red Pandas batting - Pitching for Pure Michigan Great Lakers : RHP Kazu Shimada
Batting: LHB José Vargas 0-0: Foul Ball, location: 2F
0-1: Ground out 4-3 (Groundball, 34)
Batting: SHB Carlos Kramer 0-0: Ball
1-0: Ball
2-0: Called Strike
2-1: Ball
3-1: Foul Ball, location: 2F
3-2: Foul Ball, location: 2F
3-2: Strikes out swinging
Batting: RHB Jay Parker 0-0: Called Strike
0-1: Foul Ball, location: 2F
0-2: Ball
1-2: Fly out, F8 (Flyball, 8RM)
Bottom of the 8th over - 0 runs, 0 hits, 0 errors, 0 left on base; Pure Michigan 3 - Sioux Falls 2
TOP OF THE 9TH
Pure Michigan Great Lakers batting - Pitching for Sioux Falls Red Pandas : RHP Orlando Uribe
Batting: RHB Mike Taylor 0-0: Called Strike
0-1: Foul Ball, location: 2F
0-2: Ball
1-2: Strikes out looking
Batting: RHB Jean Chamissa 0-0: Fly out, F7 (Flyball, 7D)
Batting: LHB César Muńóz 0-0: Foul Ball, location: 2F
0-1: Ball
1-1: Swinging Strike
1-2: Foul Ball, location: 2F
1-2: Strikes out swinging
Top of the 9th over - 0 runs, 0 hits, 0 errors, 0 left on base; Pure Michigan 3 - Sioux Falls 2
BOTTOM OF THE 9TH
Sioux Falls Red Pandas batting - Pitching for Pure Michigan Great Lakers : RHP Kazu Shimada
Pitching: RHP Ciríaco Muro
Batting: RHB John MacGregor 0-0: Ball
1-0: Ball
2-0: Called Strike
2-1: Ground out 6-3 (Groundball, 6)
Batting: RHB Russell Jackson 0-0: Ball
1-0: Ball
2-0: Called Strike
2-1: Ball
3-1: Swinging Strike
3-2: Ground out 6-3 (Groundball, 6)
Batting: RHB Anthony Johnston 0-0: Ground out U3 (Groundball, 3)
Bottom of the 9th over - 0 runs, 0 hits, 0 errors, 0 left on base; Pure Michigan 3 - Sioux Falls 2
Sunday, March 18th, 2018 - OOTP Baseball 18.8 Build 76